 Dungeon Crawl Stone Soup version 0.27-a0-417-g317cea8a3c (webtiles) character file.

Game seed: 17841931254936261413

6062 omnomnOMINOUS the Frost Mage (level 10, 0/135 HPs)
             Began as a White Draconian Conjurer on Feb 25, 2021.
             Was a High Priest of Fedhas.
             Slain by a boulder beetle (2 damage)
             ... on level 11 of the Dungeon.
             The game lasted 00:37:58 (10833 turns).

omnomnOMINOUS the Frost Mage (DrCj)                Turns: 10833, Time: 00:37:58

Health: 0/135      AC: 25    Str:  7    XL:     10   Next: 57%
Magic:  3/30       EV:  2    Int: 22    God:    Fedhas [*****.]
Gold:   452        SH:  0    Dex: 10    Spells: 17/24 levels left

rFire    . . .     SeeInvis .   a - +4 flail "Vafoqunwasm" {vorpal, rPois rC++ Str-2}
rCold    + + .     Faith    .   (no shield)
rNeg     + + +     Spirit   .   (armour unavailable)
rPois    +         Reflect  .   (helmet currently unavailable)
rElec    .         Harm     .   (cloak currently unavailable)
rCorr    .         Rampage  .   (gloves currently unavailable)
Will     .....     NoTele   +   (boots currently unavailable)
Stlth    ++........             (no amulet)
HPRegen  0.32/turn              q - ring of magical power
MPRegen  0.22/turn              p - +4 ring of evasion

@: mighty, brilliant, tree-form
A: (breathe frost), unfitting armour, AC +7
a: Renounce Religion, Wall of Briars, Grow Ballistomycete, Overgrow, Grow Oklob


You were on level 11 of the Dungeon.
You worshipped Fedhas.
Fedhas was extremely pleased with you.
You were a tree.
You visited 2 branches of the dungeon, and saw 11 of its levels.

You collected 452 gold pieces.

Inventory:

Hand Weapons
 a - the +4 flail "Vafoqunwasm" (weapon) {vorpal, rPois rC++ Str-2}
   (You found it on level 8 of the Dungeon)

   It inflicts extra damage upon your enemies.
   It affects your strength (-2).
   It greatly protects you from cold.
   It protects you from poison.
 b - a +3 dagger of venom
 c - a +2 scimitar of flaming
 d - the +7 hunting sling of Ydopp {venom, *Slow rN++ Dex+7}
   (You found it on level 4 of the Dungeon)

   It poisons the ammo it fires.
   It affects your dexterity (+7).
   It greatly protects you from negative energy.
   It may slow you when you take damage.
 H - a +1 spear of pain
Missiles
 s - 8 silver boomerangs
 z - 53 sling bullets
 F - 8 curare-tipped darts
Armour
 e - a +0 pair of gloves (melded)
 m - a +0 pair of boots (melded)
 G - a +0 cloak (melded)
Jewellery
 p - a +4 ring of evasion (right branch)
 q - a ring of magical power (left branch)
 x - a ring of see invisible
 J - a ring of willpower
Wands
 h - a wand of digging (7)
 l - a wand of acid (16)
 K - a wand of polymorph (7)
Scrolls
 f - 2 scrolls of immolation
 t - 4 scrolls of amnesia
 v - 3 scrolls of teleportation
 y - 2 scrolls of fog
 A - a scroll of enchant armour {unknown}
 B - a scroll of identify
 C - a scroll of blinking {unknown}
 D - a scroll of brand weapon {unknown}
Potions
 g - a potion of curing
 i - a potion of ambrosia {unknown}
 k - 2 potions of brilliance
 n - a potion of lignification
 o - 2 potions of cancellation
 r - a potion of flight {unknown}
 u - 2 potions of resistance
 w - a potion of might
 E - a potion of mutation {unknown}
 I - a potion of degeneration {unknown}


   Skills:
 + Level 8.4 Fighting
 + Level 7.2 Dodging
 - Level 1.7 Stealth
 + Level 7.7 Spellcasting
 - Level 6.0 Conjurations
 * Level 8.6 Ice Magic


You had 17 spell levels left.
You knew the following spells:

 Your Spells              Type           Power        Failure   Level
a - Magic Dart            Conj           100%         1%          1
b - Searing Ray           Conj           100%         1%          2
c - Ice Form              Ice/Tmut       41%          13%         4

Your spell library contained the following spells:

 Spells                   Type           Power        Failure   Level
 Dazzling Flash           Conj/Hex       64%          7%          3
 Beastly Appendage        Tmut           24%          8%          1
 Wereblood                Tmut           12%          12%         2
 Spider Form              Tmut/Pois      6%           22%         3
 Fulminant Prism          Conj/Hex       16%          22%         4
 Iskenderun's Mystic Bla  Conj/Tloc      32%          22%         4
 Blade Hands              Tmut           6%           91%         5


Dungeon Overview and Level Annotations

Branches:
Dungeon (9/15)             Temple (1/1) D:6
   Lair: D:8-11         Orc: D:9-12

Altars:
Ashenzari
Cheibriados
Dithmenos
Elyvilon
Fedhas
Gozag
Hepliaklqana
Kikubaaqudgha
Makhleb
Nemelex Xobeh
Okawaru
Qazlal
Ru
Sif Muna
Trog
Uskayaw
Vehumet
Wu Jian
Xom
Yredelemnul
Zin
The Shining One


Innate Abilities, Weirdness & Mutations

((You can breathe waves of freezing cold.))
((You can buffet flying creatures when you breathe cold.))
((Your icy white scales are hard. (AC +7)))
You cannot fit into any form of body armour.
((Your flesh is cold resistant. (rC+)))
((You are cold-blooded and may be slowed by cold attacks.))


Message History

The boulder beetle is severely wounded. (Press . to maintain the ray.) Unknown command.
The searing ray hits the boulder beetle but does no damage.
The boulder beetle is severely wounded.
The boulder beetle hits you but does no damage.
The boulder beetle stops rolling and uncurls.
The searing ray hits the boulder beetle but does no damage.
The boulder beetle is severely wounded.
The boulder beetle bites you!
* * * LOW HITPOINT WARNING * * *
The searing ray hits the boulder beetle but does no damage.
The boulder beetle is severely wounded.
You finish channeling your searing ray.
The boulder beetle bites you but does no damage.
You feel better.
The boulder beetle bites you but does no damage.
You feel clever all of a sudden. The boulder beetle bites you.
* * * LOW HITPOINT WARNING * * *
Casting: Searing Ray (safe; 1% risk of failure)
Confirm with . or Enter, or press ? or * to list all spells.
Aiming: Searing Ray (safe; 1% risk of failure)
Press: ? - help, Shift-Dir - straight line, f/p - boulder beetle
Aim: a boulder beetle (heavily wounded, 0% to evade)
You feel a surge of power!
The searing ray hits the boulder beetle!
The boulder beetle is severely wounded. (Press . to maintain the ray.)
The boulder beetle bites you!
* * * LOW HITPOINT WARNING * * *
The searing ray hits the boulder beetle but does no damage.
The boulder beetle is severely wounded.
The boulder beetle bites you.
* * * LOW HITPOINT WARNING * * *
The searing ray hits the boulder beetle!
The boulder beetle is almost dead.
The boulder beetle bites you.
You die...
Fedhas appreciates your contribution to the ecosystem.

........#
........#
..$.....#
....W...#
..B.....#
.......)#
#######)#
#B# #♣#
#)# #)#
#.# #.#
########.#
.........#
.........#
##########


You could see a boulder beetle.

Vanquished Creatures
  Erica (D:8)
  Pikel (D:8)
  Joseph (D:7)
  Maggie (D:7)
  A wraith (D:11)
  Edmund (D:4)
  Duvessa (D:4)
  A water moccasin (D:7)
  3 sky beasts
  2 orc warriors (D:8)
  9 ogres
  3 phantoms (D:6)
  3 centaurs
  4 lemures (D:8)
  6 bullfrogs
  A scorpion (D:4)
  Dowan (D:4)
  A wyvern skeleton (D:7)
  9 killer bees
  3 howler monkeys
  3 wights (D:8)
  A bullfrog zombie (D:7)
  5 hounds
  Crazy Yiuf (D:5)
  A gnoll shaman (D:6)
  A bullfrog skeleton (D:4)
  2 jellies
  5 iguanas
  Ijyb (D:5)
  3 orc wizards
  9 worker ants
  A hound skeleton (D:4)
  8 adders
  12 gnolls
  3 white imps
  4 ufetubi
  An ooze (D:1)
  A dart slug (D:2)
  8 leopard geckos
  21 orcs
  6 bats
  9 giant cockroaches
  10 goblins
  9 hobgoblins
  10 jackals (D:1)
  2 quokkas
  4 ball pythons
  12 frilled lizards
  16 kobolds
  5 rats
227 creatures vanquished.

Vanquished Creatures (others)
  6 plants
6 creatures vanquished.

Grand Total: 233 creatures vanquished

Notes
Turn   | Place    | Note
-------+----------+-------------------------------------------
     0 | D:1      | omnomnOMINOUS the Draconian Conjurer began the quest for
                  | the Orb.
     0 | D:1      | Reached XP level 1. HP: 14/14 MP: 3/3
   124 | D:1      | Reached XP level 2. HP: 22/22 MP: 0/5
   127 | D:1      | Learned a level 2 spell: Searing Ray
   494 | D:1      | Reached skill level 1 in Fighting
   879 | D:1      | Reached XP level 3. HP: 26/28 MP: 1/6
  1671 | D:2      | Reached XP level 4. HP: 36/36 MP: 2/7
  1741 | D:2      | Found a faded altar of an unknown god.
  1757 | D:2      | Became a worshipper of Fedhas Madash
  1757 | D:2      | Reached * piety under Fedhas
  1950 | D:2      | Reached skill level 5 in Conjurations
  2443 | D:3      | Found a white marble altar of Elyvilon.
  2555 | D:3      | Reached XP level 5. HP: 41/41 MP: 3/8
  2850 | D:3      | Found a shimmering altar of Xom.
  3536 | D:4      | Reached ** piety under Fedhas
  3586 | D:4      | Noticed Dowan
  3587 | D:4      | Noticed Duvessa
  3606 | D:4      | Killed Dowan
  3607 | D:4      | Reached XP level 6. HP: 27/51 MP: 3/9
  3609 | D:4      | Killed Duvessa
  3942 | D:4      | Noticed Edmund
  3969 | D:4      | Killed Edmund
  3970 | D:4      | Your scales start taking on an icy white colour.
  3970 | D:4      | Reached XP level 7. HP: 51/59 MP: 11/11
  3970 | D:4      | Gained mutation: Your flesh is cold resistant. (rC+) [White
                  | Draconian growth]
  4100 | D:4      | Identified an encrusted hunting sling
  4383 | D:4      | Reached *** piety under Fedhas
  4565 | D:4      | Found a glowing golden altar of the Shining One.
  5023 | D:5      | Entered Level 5 of the Dungeon
  5059 | D:5      | Noticed Ijyb
  5065 | D:5      | Killed Ijyb
  5763 | D:5      | Found an iron altar of Okawaru.
  5942 | D:5      | Found a runed translucent door.
  5942 | D:5      | Noticed Crazy Yiuf
  5952 | D:5      | Killed Crazy Yiuf
  5953 | D:5      | Reached skill level 5 in Fighting
  6242 | D:6      | Reached XP level 8. HP: 39/68 MP: 14/14
  6494 | D:6      | Reached skill level 5 in Spellcasting
  6635 | D:6      | Reached **** piety under Fedhas
  6755 | D:6      | Reached skill level 5 in Dodging
  7240 | D:6      | Found a sparkling altar of Nemelex Xobeh.
  7538 | D:6      | Found a staircase to the Ecumenical Temple.
  7552 | Temple   | Entered the Ecumenical Temple
  7683 | D:6      | Learned a level 4 spell: Ice Form
  7690 | D:7      | Noticed Joseph
  7860 | D:7      | Noticed Maggie
  7874 | D:7      | Reached skill level 1 in Ice Magic
  7963 | D:7      | Killed Maggie
  7964 | D:7      | Reached XP level 9. HP: 68/78 MP: 11/18
  8519 | D:8      | Noticed Pikel
  8535 | D:8      | Killed Pikel
  8628 | D:8      | Reached skill level 5 in Ice Magic
  8690 | D:8      | Found a basalt altar of Yredelemnul.
  8770 | D:8      | Noticed Erica
  8787 | D:8      | Killed Erica
  9012 | D:8      | Reached ***** piety under Fedhas
  9170 | D:8      | Reached XP level 10. HP: 88/88 MP: 20/20
  9348 | D:8      | Identified a scorched flail
  9387 | D:8      | Found a radiant altar of Vehumet.
  9391 | D:8      | Found an ornate altar of the Wu Jian Council.
 10129 | D:7      | Killed Joseph
 10756 | D:9      | Found a stormy altar of Qazlal.
 10764 | D:9      | You fall into a shaft and drop 2 floors!
 10775 | D:11     | Noticed a boulder beetle
 10802 | D:11     | HP: 4/90 [boulder beetle (57)]
 10805 | D:11     | HP: 1/90 [boulder beetle (31)]
 10831 | D:11     | HP: 2/135 [boulder beetle (14)]
 10833 | D:11     | Slain by a boulder beetle

Illustrated notes

Levels and vault maps discovered:
D:1:      grunt_arrival_lava_bath, layout_basic
D:2:      layout_loops_cross, serial_forest, infiniplex_forest_lined_room_2,
          infiniplex_forest_lined_1, infiniplex_forest_fountain,
          infiniplex_forest_straight_3, infiniplex_forest_straight_2,
          infiniplex_forest_zigzag_1, infiniplex_forest_zigzag_2,
          infiniplex_forest_lined_1, infiniplex_forest_end_double,
          chequers_ecumenical_altar_simple
D:3:      layout_rooms, old_standard_altar, elyvilon_altar_5
D:4:      corexii_shantytown, layout_basic, tso_metal_star, uniq_edmund,
          uniq_duvessa
D:5:      wander_river, layout_gridville, kennysheep_okawaru_gauntlet,
          uniq_crazy_yiuf_cottage, uniq_ijyb
D:6:      layout_basic, nemelex_xobeh_ov_fountains_minmay,
          minmay_temple_entry_drinking_statues, minmay_lizard_king
D:7:      layout_basic, dk_noncrumbling_4, uniq_joseph, uniq_maggie
D:8:      layout_rooms, lemuel_coloured_pillars_altar, minitemple,
          minmay_misc_feat_enclosed, minmay_diced_spiral, uniq_pikel, uniq_erica
D:9:      layout_cave_pools, lemuel_crystal_altar, special_room
          [special_room_orc], st_stairs_10, nzn_random_ring
D:11:     layout_long_grid, kennysheep_orc_monster_closet_entryway, uniq_grum
Temple:   nicolae_temple_god_jail

Skill      XL: |  1  2  3  4  5  6  7  8  9 10 |
---------------+-------------------------------+-----
Dodging        | 2 3 4 5 6 7 |  7.2
Fighting       | 1 2 3 4 5 6 7 8 |  8.4
Conjurations   | 5 6 |  6.0
Spellcasting   | 4 6 7 |  7.7
Ice Magic      | 2 6 8 |  8.6
Stealth        | |  1.7

Action                   |  1- 3 |  4- 6 |  7- 9 | 10-12 || total
-------------------------+-------+-------+-------+-------++-------
Melee: Dagger            |    64 |    16 |    13 |     1 ||    94
       Tailslap          |     5 |     1 |       |       ||     6
       Flail             |       |       |       |     9 ||     9
       Scimitar          |       |       |       |     1 ||     1
 Cast: Magic Dart        |    11 |     4 |    10 |     5 ||    30
       Searing Ray       |    27 |    33 |   109 |    50 ||   219
 Abil: Breathe Frost     |       |       |       |     1 ||     1
Evoke: Wand              |       |     7 |       |     4 ||    11
  Use: Scroll            |       |     1 |     9 |       ||    10
       Potion            |       |       |     1 |    11 ||    12
 Stab: Sleeping          |     1 |       |     1 |       ||     2
Armor: Skin              |    28 |    13 |    28 |    25 ||    94
Dodge: Dodged            |    52 |    21 |    92 |    80 ||   245
       Rpst.: Scimitar   |       |       |     5 |       ||     5

Table legend: (Time is in decaauts)
 A = Elapsed time spent in this place.
 B = Non-inter-level travel time spent in this place.
 C = Inter-level travel time spent in this place.
 D = Time resting spent in this place.
 E = Time spent auto-exploring this place.
 F = Levels seen in this place.
 G = Mean time per level.
                   A        B        C        D        E       F      G
               +--------+--------+--------+--------+--------+-----+--------+
         Total |  10852 |  10282 |    570 |   3227 |   5206 |  11 |  986.5 |
       Dungeon |  10751 |  10194 |    557 |   3227 |   5120 |  10 | 1075.1 |
        Temple |    100 |     87 |     13 |      0 |     86 |   1 |  100.0 |
               +--------+--------+--------+--------+--------+-----+--------+

Top non-repeatable levels by time:
     D:4: 2176 daAuts
     D:8: 1893 daAuts
     D:6: 1694 daAuts
     D:1: 1354 daAuts
     D:2: 1035 daAuts
     D:7: 796 daAuts
     D:5: 780 daAuts
     D:3: 724 daAuts
     D:9: 225 daAuts
  Temple: 100 daAuts
    D:11: 70 daAuts
